 Dungeon Crawl Stone Soup version 0.27-a0-652-g2d5cf1dcd3 (webtiles) character file.

Game seed: 2877551573948674137

410 Ijustatesigmund the Chopper (level 6, 0/49 HPs)
             Began as a Demonspawn Fighter on Mar 16, 2021.
             Killed from afar by a white imp (11 damage)
             ... with a puff of frost
             ... summoned by Eustachio
             ... on level 4 of the Dungeon.
             The game lasted 00:10:51 (3392 turns).

Ijustatesigmund the Chopper (Demonspawn Fighter)    Turns: 3392, Time: 00:10:52

Health: 0/49       AC: 11    Str: 16      XL:     6   Next: 58%
Magic:  6/6        EV:  7    Int: 10      God:
Gold:   186        SH:  8    Dex: 12 (14) Spells: 5/5 levels left

rFire    . . .     SeeInvis .   a - +1 war axe
rCold    . . .     Faith    .   c - +0 kite shield
rNeg     . . .     Spirit   .   b - +0 scale mail
rPois    .         Reflect  .   (no helmet)
rElec    .         Harm     .   (no cloak)
rCorr    .         Rampage  .   (no gloves)
Will     .....                  (no boots)
Stlth    ..........             (no amulet)
HPRegen  0.16/turn              m - ring of wizardry
MPRegen  0.10/turn              d - +4 ring of protection

@: no status effects
A: foul stench 1, powered by death 1, sharp scales 1
a: no special abilities


You were on level 4 of the Dungeon.
You visited 1 branch of the dungeon, and saw 4 of its levels.
You also visited: Sewer.

You collected 186 gold pieces.

Inventory:

Hand Weapons
 a - a +1 war axe (weapon)
Armour
 b - a +0 scale mail (worn)
 c - a +0 kite shield (worn)
Jewellery
 d - a +4 ring of protection (left hand)
 m - a ring of wizardry (right hand)
Scrolls
 g - a scroll of identify
 i - a scroll of amnesia
 j - 2 scrolls of blinking
 k - a scroll of fog
 l - a scroll of enchant weapon
 n - a scroll of teleportation {unknown}


   Skills:
 + Level 4.4 Fighting
 * Level 4.7 Axes
 + Level 2.9 Armour
 - Level 2.6 Dodging
 - Level 2.6 Shields


You had 5 spell levels left.
You didn't know any spells.
Your spell library was empty.

Dungeon Overview and Level Annotations

Branches:
Dungeon (4/15)              Sewer (visited)
 Temple: D:4-7

Altars:
Nemelex Xobeh

Annotations:
D:4 3 runed translucent doors, Drevant2's ghost, amateur GrEE; Eustachio; Zero's ghost, novice SpCj; dbrn's ghost, amateur HOFi


Innate Abilities, Weirdness & Mutations

You may rarely emit foul miasma when damaged in melee.
You regenerate a little health from kills.
You are partially covered in razor-sharp scales. (AC +1, Slay +1)


Message History

Eustachio blinks!
Okay, then.
You aren't carrying any potions.
Eustachio casts a spell.
You block the white imp's attack.
You see here an atropa-tipped dart.
Eustachio mumbles some strange words.
You block the white imp's attack.
You barely miss Eustachio.
Eustachio is almost dead.
You closely miss the white imp. You hit the iron imp but do no damage.
The bat closely misses you.
Eustachio says, "My allies will avenge me."
Eustachio hits you with a +0 rapier.
* * * LOW HITPOINT WARNING * * *
The iron imp hits you but does no damage.
The bat hits you but does no damage. You block the white imp's attack.
Eustachio hits you but does no damage.
You hit Eustachio but do no damage.
Eustachio is almost dead.
You hit the white imp. You hit the bat. You hit the iron imp but do no damage.
The bat hits you but does no damage.
The iron imp summons a swarm of flies.
The iron imp hits you but does no damage.
The white imp puffs mist at you.
The white imp hits you but does no damage.
Eustachio mumbles some strange words.
Eustachio blinks!
You block the bat's attack. The iron imp barely misses you.
The white imp grinds its teeth.
You block the white imp's attack.
Blink to where?
Press: ? - help, Dir - move target, p - Eustachio
As you read the scroll of blinking, it crumbles to dust.
Eustachio mumbles some strange words.
Eustachio blinks!
The bat barely misses you. The bat barely misses you.
The white imp gestures at you. The puff of frost hits you!
You die...

#.#'###.######
#.#.............
........)..>###
##.#........#
#.#.#+#'#..# #
#.#.#.#..# # #.#...#..#
.# #.#.###..########.#
# #.#....@........#
##(♣⌠♣#.#....b........#
#8...W#.#.........@...#
$....W#.........(.....+
)....W+..#.......5....#
8.....+..#........5...#
$.....+.##............#
......#.##............#
#8....#.##............#


You could see Eustachio, an iron imp (summoned), a white imp (summoned) and a
bat (summoned).

Vanquished Creatures
  A water moccasin (Sewer)
  An ogre (D:4)
  Jessica (D:2)
  An orc wizard (D:3)
  3 gnolls
  3 adders
  An ooze (D:2)
  A worm (D:3)
  2 dart slugs
  5 leopard geckos
  6 orcs (D:3)
  3 ball pythons (D:2)
  8 giant cockroaches
  8 goblins
  6 hobgoblins
  4 jackals
  A quokka (D:3)
  7 bats
  5 frilled lizards
  16 kobolds
  9 rats
92 creatures vanquished.

Notes
Turn   | Place    | Note
-------+----------+-------------------------------------------
     0 | D:1      | Ijustatesigmund the Demonspawn Fighter began the quest for
                  | the Orb.
     0 | D:1      | Reached XP level 1. HP: 18/18 MP: 1/1
   419 | D:1      | Gained mutation: You regenerate a little health from kills.
                  | [demonic ancestry]
   419 | D:1      | Reached XP level 2. HP: 22/24 MP: 2/2
   528 | D:1      | You fall into a shaft and drop 1 floor!
   535 | D:2      | Reached skill level 1 in Dodging
   542 | D:2      | Reached XP level 3. HP: 9/29 MP: 3/3
  1406 | D:2      | Gained mutation: You are partially covered in razor-sharp
                  | scales. (AC +1, Slay +1) [demonic ancestry]
  1406 | D:2      | Reached XP level 4. HP: 30/35 MP: 4/4
  1619 | D:2      | Noticed Jessica
  1627 | D:2      | Killed Jessica
  2033 | D:3      | Reached XP level 5. HP: 27/42 MP: 5/5
  2168 | D:3      | Found a glowing drain.
  2186 | Sewer    | Entered a sewer
  2244 | Sewer    | Noticed a water moccasin
  2271 | Sewer    | Killed a water moccasin
  2272 | Sewer    | Gained mutation: You may rarely emit foul miasma when
                  | damaged in melee. [demonic ancestry]
  2272 | Sewer    | Reached XP level 6. HP: 24/48 MP: 6/6
  3114 | D:3      | Found a sparkling altar of Nemelex Xobeh.
  3353 | D:4      | Found a runed translucent gate.
  3353 | D:4      | Found a runed translucent gate.
  3355 | D:4      | Found a runed translucent gate.
  3356 | D:4      | Noticed dbrn's ghost (amateur HOFi)
  3357 | D:4      | Noticed Zero's ghost (novice SpCj)
  3357 | D:4      | Noticed Drevant2's ghost (amateur GrEE)
  3365 | D:4      | Noticed Eustachio
  3392 | D:4      | Killed from afar by a white imp

Illustrated notes

Levels and vault maps discovered:
D:1:      eino_arrival_water_star, layout_basic
D:2:      layout_loops_cross, uniq_jessica
D:3:      layout_loops_ring, general_overflow_altar, gup_sewer_entry_pipe
D:4:      layout_basic, gammafunk_ghost_cemetery, uniq_blork_the_orc,
          uniq_eustachio, uniq_grinder, uniq_pikel

Skill      XL: |  1  2  3  4  5 |
---------------+----------------+-----
Axes           | 2 3 4 |  4.7
Dodging        | 1 2 |  2.6
Fighting       | 4 |  4.4
Armour         | |  2.9
Shields        | |  2.6

Action                   |  1- 3 |  4- 6 || total
-------------------------+-------+-------++-------
Melee: War axe           |   122 |   147 ||   269
Throw: Dart              |       |    10 ||    10
  Use: Scroll            |     8 |     3 ||    11
       Potion            |     1 |     5 ||     6
Armor: Scale mail        |    59 |   117 ||   176
Dodge: Dodged            |    49 |    64 ||   113
Block: Kite shield       |    56 |   106 ||   162

Table legend: (Time is in decaauts)
 A = Elapsed time spent in this place.
 B = Non-inter-level travel time spent in this place.
 C = Inter-level travel time spent in this place.
 D = Time resting spent in this place.
 E = Time spent auto-exploring this place.
 F = Levels seen in this place.
 G = Mean time per level.
                   A        B        C        D        E       F      G
               +--------+--------+--------+--------+--------+-----+--------+
         Total |   3594 |   3495 |     99 |    851 |   1771 |   5 |  718.8 |
       Dungeon |   3241 |   3142 |     99 |    685 |   1682 |   4 |  810.2 |
         Sewer |    353 |    353 |      0 |    166 |     88 |   1 |  353.0 |
               +--------+--------+--------+--------+--------+-----+--------+

Top non-repeatable levels by time:
     D:2: 1462 daAuts
     D:1: 830 daAuts
     D:3: 786 daAuts
   Sewer: 353 daAuts
     D:4: 160 daAuts
